[Event "Titled Tuesday Blitz July 18 Late 2023"]
[White "Graif, William"]
[Black "Mazurkiewicz, Michal"]
[WhiteFideId "2609835"]
[BlackFideId "1124943"]
[WhiteElo "2519"]
[BlackElo "2421"]
[Result "1-0"]
[Round "7"]
[TimeControl "180+2"]
[Date "2023.07.18"]
[WhiteClock "0:00:07"]
[BlackClock "0:00:00"]
[Board "85"]

1. e4 d6 2. Nc3 Nf6 3. f4 c5 4. Nf3 Nc6 5. Bb5 e6 6. Bxc6+ bxc6 7. d3 d5 8. e5 Ng8 9. O-O h5 10. Na4 Nh6 11. c4 Be7 12. b3 Nf5 13. Re1 O-O 14. Ba3 Qa5 15. Qd2 Qa6 16. Kh1 Re8 17. Qf2 g6 18. Bxc5 Bxc5 19. Qxc5 Bd7 20. Nd4 Nxd4 21. Qxd4 Rad8 22. Nc5 Qb6 23. Rac1 Bc8 24. Red1 Ba6 25. Qg1 d4 26. Ne4 Kg7 27. Qf2 c5 28. Qh4 Bb7 29. Nf6 Rh8 30. Qg5 h4 31. h3 Qc6 32. Rd2 Kf8 33. Ne4 Re8 34. Rf1 Rh5 35. Qg4 Rf5 36. Qxh4 Kg7 37. g4 Rh8 38. Qg3 Rfh5 39. gxh5 Rxh5 40. Kh2 Qc7 41. Rg2 Qe7 42. Rgf2 Bxe4 43. dxe4 Qf8 44. f5 g5 45. f6+ Kg6 46. Rg2 Qh6 47. Rfg1 Kh7 48. Qg4 Rh4 49. Qf3 Kh8 50. Rxg5 1-0


[Site "https://www.chess.com"]

[Event "Titled Tuesday Blitz July 18 Late 2023"]
[White "cedchass2006"]
[Black "Urbina Perez, Juan Antonio"]
[BlackFideId "2217368"]
[WhiteElo "2413"]
[BlackElo "2509"]
[Result "0-1"]
[Round "7"]
[TimeControl "180+2"]
[Date "2023.07.18"]
[WhiteClock "0:00:09"]
[BlackClock "0:00:16"]
[Board "86"]

1. e4 c5 2. Nf3 d6 3. Bb5+ Bd7 4. Bxd7+ Nxd7 5. O-O Ngf6 6. Qe2 e6 7. c3 Be7 8. d4 O-O 9. Bg5 Re8 10. Rd1 Qc7 11. Nbd2 cxd4 12. cxd4 Qb6 13. Nf1 Rac8 14. Ng3 h6 15. Be3 Qa5 16. Qd2 Qxd2 17. Rxd2 Ng4 18. Nf1 Nb6 19. Rd3 Rc2 20. Rd2 Rec8 21. Rad1 Rxd2 22. Bxd2 Nf6 23. Ng3 Rc2 24. Bc1 Na4 25. Ne1 Nxb2 26. Nxc2 Nxd1 27. Kf1 Nc3 28. f3 Nxa2 29. Bd2 d5 30. e5 Nd7 31. Ke2 Nb6 32. Kd3 Nc4 33. Bc3 Nxc3 34. Kxc3 Kf8 35. Ne2 Ke8 36. Nc1 Kd7 37. Nd3 a5 38. f4 g6 39. g4 b5 40. Kb3 Kc6 41. h3 Nd2+ 42. Kc3 Ne4+ 43. Kb3 b4 44. Ne3 Kb5 45. f5 gxf5 46. gxf5 a4+ 47. Kc2 a3 48. Kb3 Nd2+ 49. Ka2 b3+ 50. Ka1 b2+ 51. Nxb2 axb2+ 52. Kxb2 Nc4+ 53. Nxc4 Kxc4 54. f6 Bxf6 55. exf6 Kxd4 56. Kc2 Ke5 57. Kd2 Kxf6 58. Kd3 Kg5 59. Kd4 Kh4 60. Kc5 Kxh3 61. Kd6 d4 62. Ke7 d3 63. Kxf7 d2 64. Kxe6 d1=Q 65. Ke5 Qg4 66. Kf6 Kg3 67. Ke5 h5 68. Kf6 h4 69. Kf7 h3 0-1


[Site "https://www.chess.com"]

[Event "Titled Tuesday Blitz July 18 Late 2023"]
[White "Hnydiuk, Aleksander"]
[Black "Jonkman, Harmen"]
[WhiteFideId "1109057"]
[BlackFideId "1002708"]
[WhiteElo "2507"]
[BlackElo "2410"]
[Result "1-0"]
[Round "7"]
[TimeControl "180+2"]
[Date "2023.07.18"]
[WhiteClock "0:00:05"]
[BlackClock "0:00:00"]
[Board "87"]

1. e4 e5 2. Nf3 Nc6 3. Bb5 Nf6 4. d3 Bc5 5. O-O O-O 6. c3 d6 7. Nbd2 a6 8. Ba4 Ba7 9. h3 Ne7 10. Re1 Ng6 11. Nf1 Bd7 12. Bc2 Re8 13. d4 exd4 14. cxd4 c5 15. d5 c4 16. Be3 b5 17. Bxa7 Rxa7 18. Qd4 Rc7 19. a4 Qc8 20. axb5 axb5 21. Ng3 c3 22. bxc3 Rxc3 23. Bd3 Nf4 24. Bf1 Nxh3+ 25. gxh3 Rxf3 26. Rec1 Qb8 27. Bg2 Rf4 28. Qe3 Rh4 29. Qg5 Rh6 30. Ra6 b4 31. Qf4 Bxh3 32. Bxh3 Rxh3 33. Kg2 Rxg3+ 34. Qxg3 Nxe4 35. Qf4 g5 36. Qf5 Qb5 37. Ra7 Rf8 38. Rc8 Nf6 39. Rxf8+ Kxf8 40. Qxf6 Qxd5+ 41. Kh2 b3 42. Rd7 1-0


[Site "https://www.chess.com"]

[Event "Titled Tuesday Blitz July 18 Late 2023"]
[White "Villarreal, Agustin"]
[Black "Salazar Farias, Luis German"]
[WhiteFideId "125687"]
[BlackFideId "3902170"]
[WhiteElo "2400"]
[BlackElo "2507"]
[Result "1-0"]
[Round "7"]
[TimeControl "180+2"]
[Date "2023.07.18"]
[WhiteClock "0:00:15"]
[BlackClock "0:00:02"]
[Board "88"]

1. e4 c6 2. d4 d5 3. exd5 cxd5 4. Bd3 Nc6 5. c3 Nf6 6. Bf4 Bg4 7. Nf3 e6 8. Nbd2 Bd6 9. Bxd6 Qxd6 10. h3 Bh5 11. O-O O-O 12. Re1 Rab8 13. Qe2 a6 14. a4 Rfc8 15. Qe3 Bxf3 16. Qxf3 b5 17. b4 e5 18. dxe5 Nxe5 19. Qg3 Nc4 20. Bxc4 Qxg3 21. fxg3 dxc4 22. axb5 axb5 23. Nf3 Nd5 24. Ra3 Rd8 25. Nd4 Nxb4 26. Rb1 Nd5 27. Nc6 Ra8 28. Nxd8 Rxa3 29. Rxb5 Nxc3 30. Rb8 h5 31. h4 g6 32. Ne6+ Kh7 33. Ng5+ Kg7 34. Rb7 Ra1+ 35. Kh2 Rf1 36. Ne6+ Kg8 37. Rb8+ Kh7 38. Nf4 Nd5 39. Nxd5 Kg7 40. Rc8 Rf5 41. Ne3 Re5 42. Nxc4 Re7 43. Nd2 Kf6 44. Nf3 Kg7 45. Rc6 Rd7 46. Ng5 Re7 47. Rd6 Ra7 48. Ne4 Re7 49. Nf6 Ra7 50. Rd7 Ra1 51. Ne4 Kf8 52. g4 hxg4 53. Ng5 f5 54. Kg3 Ra4 55. Rf7+ Kg8 56. Rb7 Kf8 57. Nh7+ Kg8 58. Nf6+ Kf8 59. Rc7 Ra2 60. Kf4 Rxg2 61. Kg5 g3 62. Kxg6 Rf2 63. Rf7# 1-0


[Site "https://www.chess.com"]

[Event "Titled Tuesday Blitz July 18 Late 2023"]
[White "Chor, Kevin"]
[Black "Ilyuchyk, Yana"]
[WhiteFideId "2090740"]
[BlackFideId "13508407"]
[WhiteElo "2505"]
[BlackElo "2390"]
[Result "1-0"]
[Round "7"]
[TimeControl "180+2"]
[Date "2023.07.18"]
[WhiteClock "0:00:31"]
[BlackClock "0:00:00"]
[Board "89"]

1. e4 c5 2. Nf3 Nc6 3. d4 cxd4 4. Nxd4 Nf6 5. Nc3 d6 6. Bg5 e6 7. Qd2 Be7 8. O-O-O O-O 9. f3 a6 10. Kb1 Nxd4 11. Qxd4 b5 12. g4 Bb7 13. Bd3 Nd7 14. h4 Nc5 15. Bxe7 Qxe7 16. h5 e5 17. Qe3 Ne6 18. Nd5 Bxd5 19. exd5 Nf4 20. Rde1 Qa7 21. Qe4 g6 22. hxg6 fxg6 23. Rh2 Rf7 24. Reh1 Raf8 25. g5 Rg7 26. a3 Qc5 27. Rd1 Rf5 28. Qe1 Rxg5 29. Be4 h5 30. Qa5 Rg1 31. Rh1 Rxd1+ 32. Rxd1 Qa7 33. Qd8+ Kh7 34. Qxd6 Qe7 35. Qxa6 h4 36. d6 Qe6 37. Qxb5 h3 38. d7 Rg8 39. d8=Q Rxd8 40. Rxd8 h2 41. Qb7+ Kh6 42. Rh8+ Kg5 43. Rxh2 Qd6 44. Rh1 Ne2 45. Qd5 1-0


[Site "https://www.chess.com"]

[Event "Titled Tuesday Blitz July 18 Late 2023"]
[White "NigelDwarf"]
[Black "Gerbelli Neto, Eduardo"]
[BlackFideId "2103281"]
[WhiteElo "2500"]
[BlackElo "2385"]
[Result "1-0"]
[Round "7"]
[TimeControl "180+2"]
[Date "2023.07.18"]
[WhiteClock "0:00:20"]
[BlackClock "0:00:20"]
[Board "90"]

1. Nf3 Nf6 2. c4 c5 3. Nc3 d5 4. cxd5 Nxd5 5. g3 Nc6 6. Bg2 Nc7 7. O-O e5 8. d3 Be7 9. a3 Rb8 10. Be3 O-O 11. Rc1 Ne6 12. Ne4 b6 13. b4 f5 14. Neg5 Nxg5 15. Nxg5 Nd4 16. Bxd4 Bxg5 17. Bxe5 Bxc1 18. Bxb8 Bg5 19. bxc5 bxc5 20. Qb3+ Kh8 21. Bxa7 Qe7 22. Bb6 Be6 23. Qb5 Rc8 24. e3 c4 25. dxc4 Bxc4 26. Qxf5 Rf8 27. Qa5 Bxf1 28. Bxf1 Rc8 29. Qf5 Rb8 30. Bc5 Qf6 31. Qxf6 Bxf6 32. a4 Rb1 33. Kg2 Bd8 34. Bb5 h6 35. e4 Kg8 36. e5 Kf7 37. f4 Ke6 38. Bc4+ Kf5 39. Bd3+ 1-0


[Site "https://www.chess.com"]

[Event "Titled Tuesday Blitz July 18 Late 2023"]
[White "Romero Ruscalleda, Josep"]
[Black "Ansh M Shah"]
[WhiteFideId "2231859"]
[BlackFideId "25033379"]
[WhiteElo "2384"]
[BlackElo "2500"]
[Result "0-1"]
[Round "7"]
[TimeControl "180+2"]
[Date "2023.07.18"]
[WhiteClock "0:00:18"]
[BlackClock "0:01:14"]
[Board "91"]

1. e4 c6 2. Nc3 d5 3. Nf3 Nf6 4. exd5 cxd5 5. Qe2 Nc6 6. h3 Bf5 7. d3 h6 8. Be3 d4 9. Nb5 dxe3 10. fxe3 Qa5+ 11. Nc3 e6 12. e4 Bh7 13. Qd2 Bb4 14. Be2 O-O-O 15. O-O Nxe4 16. Qf4 Bxc3 17. dxe4 Bf6 18. Bd3 Ne5 19. Nxe5 Qxe5 20. Qd2 Bxe4 21. Rae1 Qd4+ 22. Kh1 Bxd3 23. cxd3 Kb8 24. Rf3 Rd7 25. Qa5 Rhd8 26. Re4 Qxb2 27. Ra4 Qa1+ 28. Kh2 Qe5+ 29. g3 Qxa5 0-1


[Site "https://www.chess.com"]

[Event "Titled Tuesday Blitz July 18 Late 2023"]
[White "Erzhanov, Arman"]
[Black "Lalanne, Pablo"]
[WhiteFideId "4138821"]
[BlackFideId "112151"]
[WhiteElo "2495"]
[BlackElo "2383"]
[Result "1-0"]
[Round "7"]
[TimeControl "180+2"]
[Date "2023.07.18"]
[WhiteClock "0:00:53"]
[BlackClock "0:00:12"]
[Board "92"]

1. e4 e5 2. Nf3 Nc6 3. Bb5 a6 4. Bxc6 dxc6 5. Nc3 Bd6 6. d4 exd4 7. Qxd4 f6 8. Be3 Ne7 9. O-O-O O-O 10. Kb1 Be6 11. Nd2 Be5 12. Qb4 a5 13. Qa3 b5 14. Qc5 Qd6 15. Nf3 Qxc5 16. Bxc5 Bxc3 17. Bxe7 Rfe8 18. Bc5 Be5 19. Nxe5 fxe5 20. f3 Rad8 21. Kc1 Kf7 22. b3 g5 23. h3 a4 24. Be3 axb3 25. cxb3 h6 26. Kb2 Ke7 27. Rc1 Rd3 28. Rc3 Red8 29. h4 Kf6 30. hxg5+ hxg5 31. Rh6+ Kf7 32. Bxg5 Rxc3 33. Kxc3 Rg8 34. Rf6+ Ke7 35. Rg6+ Kf7 36. Rxg8 Kxg8 37. Bf6 c5 38. Bxe5 c6 39. Bd6 c4 40. bxc4 Bxc4 41. a4 Bf1 42. a5 Bxg2 43. a6 Bxf3 44. a7 Bxe4 45. a8=Q+ 1-0


[Site "https://www.chess.com"]

[Event "Titled Tuesday Blitz July 18 Late 2023"]
[White "vishwa_vijeta"]
[Black "ExchangeAB"]
[WhiteElo "2493"]
[BlackElo "2377"]
[Result "1-0"]
[Round "7"]
[TimeControl "180+2"]
[Date "2023.07.18"]
[WhiteClock "0:00:18"]
[BlackClock "0:00:00"]
[Board "93"]

1. e4 c6 2. d4 d5 3. Nd2 dxe4 4. Nxe4 Bf5 5. Ng3 Bg6 6. h4 h6 7. Nf3 Nd7 8. h5 Bh7 9. Bd3 Bxd3 10. Qxd3 e6 11. Bd2 Ngf6 12. O-O-O Be7 13. Kb1 O-O 14. Ne4 Nxe4 15. Qxe4 Nf6 16. Qe2 Qd5 17. Ne5 Rad8 18. Be3 b5 19. g4 Nd7 20. Nd3 a5 21. Nf4 Qd6 22. f3 Bg5 23. Nd3 Bxe3 24. Qxe3 Nb6 25. Ne5 Nc4 26. Nxc4 bxc4 27. g5 hxg5 28. Qxg5 Qd5 29. Qf4 Qf5 30. Qe3 Rd5 31. Rdg1 e5 32. Qh6 Qh7 33. Qxc6 Rxd4 34. h6 Rfd8 35. a3 g6 36. Qf6 R4d5 37. Re1 Re8 38. f4 e4 39. Reg1 e3 40. f5 e2 41. fxg6 Rd1+ 42. Rxd1 exd1=Q+ 43. Rxd1 Qxg6 44. h7+ Qxh7 45. Rg1+ Kf8 46. Qd6+ Re7 47. Re1 f6 48. Qd8+ 1-0


[Site "https://www.chess.com"]

[Event "Titled Tuesday Blitz July 18 Late 2023"]
[White "Storn, Justin"]
[Black "Novikov, Evgenij"]
[WhiteFideId "30922720"]
[BlackFideId "4125380"]
[WhiteElo "2375"]
[BlackElo "2489"]
[Result "1-0"]
[Round "7"]
[TimeControl "180+2"]
[Date "2023.07.18"]
[WhiteClock "0:00:04"]
[BlackClock "0:00:00"]
[Board "94"]

1. d4 Nf6 2. c4 g6 3. Nc3 Bg7 4. e4 d6 5. Nf3 O-O 6. Be2 e5 7. Be3 Nc6 8. d5 Ne7 9. Nd2 b6 10. b4 Nd7 11. f3 f5 12. O-O f4 13. Bf2 g5 14. Qc2 Nf6 15. c5 bxc5 16. bxc5 g4 17. cxd6 cxd6 18. Kh1 g3 19. Bg1 Ng6 20. Nb5 Nh4 21. Rfc1 Rf7 22. Bf1 Bf8 23. Nxa7 Bd7 24. Nc6 Qe8 25. h3 Rg7 26. Nc4 Qh5 27. Qe2 Ng4 28. Nb6 Nf2+ 29. Bxf2 gxf2 30. Nxd7 Rxd7 31. Qxf2 Rg7 32. a4 Rg3 33. Rc3 Qe8 34. a5 Qc8 35. a6 Qc7 36. a7 Qb7 37. Qc2 Qd7 38. Rb3 1-0


[Site "https://www.chess.com"]

[Event "Titled Tuesday Blitz July 18 Late 2023"]
[White "Sos Andreu, Eric"]
[Black "Shapiro, Daniel"]
[WhiteFideId "22247017"]
[BlackFideId "2001780"]
[WhiteElo "2487"]
[BlackElo "2371"]
[Result "1-0"]
[Round "7"]
[TimeControl "180+2"]
[Date "2023.07.18"]
[WhiteClock "0:00:20"]
[BlackClock "0:00:00"]
[Board "95"]

1. d4 Nf6 2. c4 e6 3. g3 d5 4. Bg2 Bb4+ 5. Bd2 Be7 6. Nf3 c6 7. O-O O-O 8. Qc2 b6 9. Bf4 Bb7 10. Rd1 Nbd7 11. Nc3 Rc8 12. e4 h6 13. b3 a5 14. Rac1 Ba6 15. Ne5 b5 16. exd5 cxd5 17. c5 b4 18. Na4 Nxe5 19. Bxe5 Nd7 20. Bf4 Bb5 21. Be3 Qc7 22. Nb2 Qc6 23. Nd3 Rb8 24. h4 Rb7 25. Kh2 Ra8 26. Qd2 Bxd3 27. Qxd3 a4 28. Ra1 Rba7 29. Qf1 Nf6 30. Rab1 Ng4+ 31. Kh3 Nxe3 32. fxe3 axb3 33. Rxb3 Rxa2 34. Rxb4 Rc2 35. Rb6 Qc7 36. Qb5 Raa2 37. Rg1 g6 38. Qe8+ Kg7 39. Rb8 Kf6 40. g4 g5 41. Qh8+ 1-0


[Site "https://www.chess.com"]

[Event "Titled Tuesday Blitz July 18 Late 2023"]
[White "Rodriguez Fontecha, Marcos"]
[Black "Bogaudinov, Rushan"]
[WhiteFideId "2256576"]
[BlackFideId "4129288"]
[WhiteElo "2485"]
[BlackElo "2369"]
[Result "0-1"]
[Round "7"]
[TimeControl "180+2"]
[Date "2023.07.18"]
[WhiteClock "0:00:04"]
[BlackClock "0:00:27"]
[Board "96"]

1. e4 a6 2. Nc3 b5 3. g3 b4 4. Nce2 Bb7 5. d3 d5 6. f3 h5 7. Bg2 h4 8. Nh3 e6 9. O-O hxg3 10. hxg3 c5 11. Be3 Nc6 12. exd5 Qxd5 13. Nef4 Qd7 14. g4 Nf6 15. Qd2 Be7 16. g5 Nd5 17. Nxd5 exd5 18. g6 Rxh3 19. gxf7+ Kxf7 20. Bxh3 Qxh3 21. Qg2 Qxg2+ 22. Kxg2 d4 23. Bf4 g5 24. Bg3 Bf6 25. Rfe1 Ne7 26. Kf2 Nf5 27. Be5 Nh4 28. Bxf6 Kxf6 29. a3 bxa3 30. bxa3 Nxf3 31. Reb1 Bd5 32. Rb6+ Kf5 33. Rd6 Ke5 34. Rd7 Rb8 35. Rh1 Rb2 36. Rh6 Rxc2+ 37. Kg3 Nh4 38. Kg4 Rg2+ 39. Kh3 Be6+ 0-1


[Site "https://www.chess.com"]

[Event "Titled Tuesday Blitz July 18 Late 2023"]
[White "Adireddy Arjun"]
[Black "Bochnicka, Vladimir"]
[WhiteFideId "25647709"]
[BlackFideId "14943450"]
[WhiteElo "2362"]
[BlackElo "2478"]
[Result "1-0"]
[Round "7"]
[TimeControl "180+2"]
[Date "2023.07.18"]
[WhiteClock "0:00:02"]
[BlackClock "0:00:00"]
[Board "97"]

1. Nf3 d5 2. g3 Bg4 3. Bg2 c6 4. O-O Nd7 5. d4 Ngf6 6. h3 Bh5 7. Nbd2 h6 8. b3 Bg6 9. Bb2 e6 10. c4 Be7 11. Re1 O-O 12. e3 Rc8 13. Qe2 c5 14. cxd5 Nxd5 15. Nc4 Bf6 16. Rad1 Qe7 17. e4 Nb4 18. e5 cxd4 19. exf6 Nxf6 20. Nxd4 Rfd8 21. a3 Na6 22. Nb5 Nc5 23. Nxa7 Ra8 24. Nb5 Nxb3 25. Qe3 Nc5 26. Bxf6 gxf6 27. Nbd6 Qc7 28. Nb5 Qe7 29. Ncd6 b6 30. Bxa8 Rxa8 31. Qxh6 Nd3 32. Rf1 Ne5 33. Qe3 Qd7 34. Ne4 Qxb5 35. Nxf6+ Kg7 36. Ng4 Nxg4 37. hxg4 Rh8 38. f3 Qb2 39. Qd4+ Qxd4+ 40. Rxd4 Ra8 41. Ra1 b5 42. Rb4 Bd3 43. a4 bxa4 44. Raxa4 Rc8 45. Kf2 Rc2+ 46. Ke3 Bf1 47. Re4 Rg2 48. Kf4 Be2 49. Ra7 Rf2 50. Re3 Bd1 51. Ke4 Bc2+ 52. Kf4 Rd2 53. Rxe6 Rd4+ 54. Ke5 Rd3 55. Rf6 Re3+ 56. Kf4 1-0


[Site "https://www.chess.com"]

[Event "Titled Tuesday Blitz July 18 Late 2023"]
[White "Toniutti, Ezio"]
[Black "Kostiukov, Alexandr"]
[WhiteFideId "113034"]
[BlackFideId "14108100"]
[WhiteElo "2472"]
[BlackElo "2359"]
[Result "1-0"]
[Round "7"]
[TimeControl "180+2"]
[Date "2023.07.18"]
[WhiteClock "0:00:38"]
[BlackClock "0:00:00"]
[Board "98"]

1. d4 g6 2. c4 Bg7 3. Nc3 d6 4. e4 e5 5. Be3 exd4 6. Bxd4 Nf6 7. f3 Nc6 8. Be3 O-O 9. Qd2 Ne5 10. O-O-O Be6 11. h4 Nxc4 12. Bxc4 Bxc4 13. Bh6 Re8 14. Bxg7 Kxg7 15. g4 Be6 16. h5 Rh8 17. Nge2 h6 18. hxg6 fxg6 19. Nd4 Bd7 20. g5 Nh5 21. gxh6+ Rxh6 22. Rdg1 Qf6 23. Nd5 Qe5 24. Rg5 Qe8 25. Rhg1 c6 26. Nc7 Qd8 27. Nxa8 Qxa8 28. Nf5+ Bxf5 29. exf5 Kh8 30. Rxg6 Rxg6 31. Rxg6 Qf8 32. Qd4+ Kh7 33. Qg4 1-0


[Site "https://www.chess.com"]

[Event "Titled Tuesday Blitz July 18 Late 2023"]
[White "Rietze, Clemens, Dr."]
[Black "StarkyNZ"]
[WhiteFideId "24620351"]
[WhiteElo "2467"]
[BlackElo "2313"]
[Result "1-0"]
[Round "7"]
[TimeControl "180+2"]
[Date "2023.07.18"]
[WhiteClock "0:02:54"]
[BlackClock "0:02:52"]
[Board "99"]

1. d4 Nf6 2. c4 e6 3. Nf3 b6 4. g3 Bb7 5. Bg2 Be7 6. O-O O-O 7. Nc3 Ne4 8. Bd2 Nxc3 9. Bxc3 Be4 10. d5 exd5 11. cxd5 d6 12. Qd4 1-0


[Site "https://www.chess.com"]

[Event "Titled Tuesday Blitz July 18 Late 2023"]
[White "SicilianPanzer"]
[Black "Horcajuelo Rocamora, Martin"]
[BlackFideId "24573027"]
[WhiteElo "2297"]
[BlackElo "2465"]
[Result "1-0"]
[Round "7"]
[TimeControl "180+2"]
[Date "2023.07.18"]
[WhiteClock "0:01:20"]
[BlackClock "0:01:24"]
[Board "100"]

1. e4 e5 2. Nc3 Bb4 3. a3 Bxc3 4. dxc3 Nc6 5. Be3 d6 6. Bd3 Be6 7. Ne2 Nge7 8. f3 d5 9. Qd2 Qd7 10. b4 dxe4 11. fxe4 O-O-O 12. O-O f6 13. a4 Rhf8 14. a5 Kb8 15. b5 1-0


[Site "https://www.chess.com"]

[Event "Titled Tuesday Blitz July 18 Late 2023"]
[White "disciplinedbrat"]
[Black "Gaal, Zsoka"]
[BlackFideId "777765"]
[WhiteElo "2249"]
[BlackElo "2464"]
[Result "1-0"]
[Round "7"]
[TimeControl "180+2"]
[Date "2023.07.18"]
[WhiteClock "0:01:27"]
[BlackClock "0:00:09"]
[Board "101"]

1. Nf3 g6 2. g3 Bg7 3. Bg2 e5 4. O-O Ne7 5. d3 O-O 6. e4 d5 7. exd5 Nxd5 8. Nc3 Nxc3 9. bxc3 c6 10. Rb1 Re8 11. Nd2 Qc7 12. Ba3 Be6 13. Ne4 Bxa2 14. Nd6 Re6 15. Rxb7 Qa5 16. Bb4 Qa6 17. Rxf7 Bh6 18. c4 Rxd6 19. Bxd6 Kxf7 20. Qf3+ Kg8 21. Bh3 Bxc4 22. dxc4 Qxc4 23. Qf6 Bg7 24. Be6+ Kh8 25. Qd8+ 1-0


[Site "https://www.chess.com"]

[Event "Titled Tuesday Blitz July 18 Late 2023"]
[White "ChessSG1"]
[Black "Shuvalova, Polina"]
[BlackFideId "24171760"]
[WhiteElo "2279"]
[BlackElo "2643"]
[Result "0-1"]
[Round "7"]
[TimeControl "180+2"]
[Date "2023.07.18"]
[WhiteClock "0:00:01"]
[BlackClock "0:00:09"]
[Board "102"]

1. Nf3 Nf6 2. c4 e6 3. g3 d5 4. d4 Be7 5. Bg2 O-O 6. O-O Nbd7 7. Qc2 c6 8. Nbd2 b6 9. e4 Bb7 10. cxd5 cxd5 11. e5 Ne4 12. Nxe4 dxe4 13. Nd2 Rc8 14. Qd1 Nb8 15. Nxe4 Bd5 16. Be3 Qd7 17. Nc3 Bxg2 18. Kxg2 Rfd8 19. Qf3 Nc6 20. Rfd1 Bb4 21. Rac1 Bxc3 22. bxc3 b5 23. Bg5 Re8 24. Qg4 Kh8 25. h4 h6 26. Be3 Ne7 27. Qe4 Qd5 28. Qxd5 Nxd5 29. Bd2 Rc4 30. Rb1 a6 31. Rb3 Rec8 32. Rc1 Ra4 33. a3 Kg8 34. Kf1 Nb6 35. Ke2 Kf8 36. Kd3 Rac4 37. g4 Ke7 38. h5 Nd5 39. g5 hxg5 40. Bxg5+ Kd7 41. Bd2 Rh8 42. a4 Rxa4 43. c4 bxc4+ 44. Rxc4 Rxc4 45. Kxc4 Kc6 46. Rh3 Nb6+ 47. Kd3 Nd5 48. Rf3 Rxh5 49. Rxf7 Rh3+ 50. Ke2 g5 51. Bxg5 Nc3+ 52. Kf1 Kd5 53. Be3 a5 54. Ra7 a4 55. Kg2 Rh8 56. Bd2 Nb1 57. Bb4 Rg8+ 58. Kf1 Kxd4 59. Rxa4 Kd3 60. Ra1 Kc2 61. Ra2+ Kd3 62. Rb2 Rh8 63. Kg2 Rg8+ 64. Kh2 Rh8+ 65. Kg3 Rh1 66. Kg4 Rf1 67. Kg5 Ke4 68. Kf6 Kd5 69. Bd6 Nc3 70. Rd2+ Kc6 71. Kxe6 Ne4 72. Rc2+ Kb5 73. Kd5 Ng5 74. f4 Rd1+ 75. Rd2 Rxd2# 0-1


[Site "https://www.chess.com"]

[Event "Titled Tuesday Blitz July 18 Late 2023"]
[White "Bueno, Alfeu Junior Varela"]
[Black "Tikhonov, Viacheslav"]
[WhiteFideId "2108879"]
[BlackFideId "44196407"]
[WhiteElo "2404"]
[BlackElo "2530"]
[Result "0-1"]
[Round "7"]
[TimeControl "180+2"]
[Date "2023.07.18"]
[WhiteClock "0:00:03"]
[BlackClock "0:00:52"]
[Board "103"]

1. e4 c5 2. Nc3 Nc6 3. f4 g6 4. Nf3 Bg7 5. Bb5 Nd4 6. O-O e6 7. d3 Ne7 8. Nxd4 cxd4 9. Ne2 O-O 10. Ba4 d6 11. Bb3 b6 12. Ng3 Kh8 13. Qe1 Bd7 14. Kh1 a5 15. a4 Qc8 16. Qf2 f5 17. Bd2 Qc5 18. Rae1 e5 19. exf5 Nxf5 20. Ne4 Qc6 21. Kg1 d5 22. Ng5 h6 23. Nf3 e4 24. g4 e3 25. Qg2 exd2 26. Qxd2 Ne3 27. Rf2 Rxf4 28. h3 Raf8 29. Nxd4 Bxd4 30. Rxf4 Rxf4 31. c3 Nf1+ 32. cxd4 Nxd2 33. Bxd5 Nf3+ 34. Bxf3 Qxf3 35. Re8+ Bxe8 0-1


[Site "https://www.chess.com"]

[Event "Titled Tuesday Blitz July 18 Late 2023"]
[White "Rottenwohrer Suarez, Juan"]
[Black "Mikhalsky, Vladimir"]
[WhiteFideId "32068182"]
[BlackFideId "14144352"]
[WhiteElo "2511"]
[BlackElo "2402"]
[Result "1-0"]
[Round "7"]
[TimeControl "180+2"]
[Date "2023.07.18"]
[WhiteClock "0:00:11"]
[BlackClock "0:00:00"]
[Board "104"]

1. e4 g6 2. Nf3 Bg7 3. d4 d6 4. Be2 a6 5. O-O Nd7 6. c4 e5 7. Nc3 Ne7 8. Be3 h6 9. Qd2 f5 10. exf5 gxf5 11. dxe5 dxe5 12. Rad1 Ng6 13. Nd5 f4 14. Qc2 Kf7 15. Nxf4 exf4 16. Bd4 Bxd4 17. Rxd4 Qf6 18. Rfd1 Nde5 19. Nxe5+ Nxe5 20. Qc1 f3 21. Rf4 fxe2 22. Rxf6+ Kxf6 23. Re1 Bg4 24. f3 Bxf3 25. Qf4+ Ke6 26. gxf3 Raf8 27. Qe4 Rhg8+ 28. Kh1 Rxf3 29. Qxe2 Rf5 30. c5 Rfg5 31. c6 bxc6 32. b3 a5 33. a4 Kd6 34. Qd2+ Ke7 35. Qxa5 Kf6 36. Rf1+ Kg7 37. Qc3 Kh7 38. a5 Ng4 39. Rf7+ Kg6 40. Rf1 Kh5 41. Qh3+ Kg6 42. a6 Kh7 43. Qd3+ Kh8 44. h3 Ne5 45. Qc3 Kh7 46. a7 Rg3 47. Qxg3 Rxg3 48. a8=Q Rxh3+ 49. Kg2 1-0


[Site "https://www.chess.com"]

[Event "Titled Tuesday Blitz July 18 Late 2023"]
[White "Ismayil, Malak"]
[Black "Kanyamarala, Trisha"]
[WhiteFideId "13412604"]
[BlackFideId "45004722"]
[WhiteElo "2505"]
[BlackElo "2364"]
[Result "1-0"]
[Round "7"]
[TimeControl "180+2"]
[Date "2023.07.18"]
[WhiteClock "0:01:29"]
[BlackClock "0:00:22"]
[Board "105"]

1. e4 c5 2. Nf3 Nc6 3. Bb5 g6 4. Bxc6 dxc6 5. O-O Bg7 6. Re1 Nf6 7. d3 O-O 8. Nc3 Re8 9. Be3 b6 10. h3 e5 11. a3 a5 12. Qd2 Be6 13. Nxe5 Bxh3 14. Nxf7 Kxf7 15. gxh3 Qd7 16. Kh2 Kg8 17. f4 Qc7 18. Qg2 Nh5 19. Rf1 Rf8 20. Qg4 Rf7 21. Rf2 Raf8 22. Raf1 Bh6 23. Ne2 Bg7 24. Ng3 Nxg3 25. Qxg3 Bxb2 26. a4 Bg7 27. Qg4 Qd6 28. Kg2 Qe7 29. h4 Kh8 30. Rh1 Bd4 31. Bxd4+ cxd4 32. Rhf1 b5 33. axb5 cxb5 34. h5 gxh5 35. Qxh5 Rg7+ 36. Kh1 Qd6 37. Qh4 Rf6 38. Rh2 Rgg6 39. Qxh7# 1-0


[Site "https://www.chess.com"]

[Event "Titled Tuesday Blitz July 18 Late 2023"]
[White "Shapiro, Viktor"]
[Black "Hoffmann, Asa"]
[WhiteFideId "4175700"]
[BlackFideId "2001470"]
[WhiteElo "2487"]
[BlackElo "2388"]
[Result "1-0"]
[Round "7"]
[TimeControl "180+2"]
[Date "2023.07.18"]
[WhiteClock "0:00:59"]
[BlackClock "0:00:00"]
[Board "106"]

1. c4 Nf6 2. Nc3 d6 3. d4 e5 4. Nf3 Nbd7 5. Bg5 Be7 6. e3 c6 7. Be2 O-O 8. O-O Re8 9. h3 h6 10. Bh4 a6 11. b4 b5 12. c5 Qc7 13. a4 Bb7 14. Bg3 Bf8 15. Qb3 Rad8 16. Rac1 Qb8 17. Rfd1 Qa8 18. dxe5 dxe5 19. a5 g6 20. Nh4 Kg7 21. Bf3 Be7 22. Rd2 Bxc5 23. bxc5 Nxc5 24. Qd1 e4 25. Be2 Rxd2 26. Qxd2 Nb3 27. Qb2 Nxc1 28. Qxc1 Qd8 29. Qb2 Qxa5 30. Bd6 Qd8 31. Bc5 a5 32. Bd4 Re6 33. g4 Qd6 34. Ng2 c5 35. Nxb5 Qb6 36. Bc3 Ba6 37. Nf4 Rc6 38. Nd5 Qd8 39. Bxf6+ Rxf6 40. Nxf6 Qxf6 41. Qxf6+ Kxf6 42. Nc3 Bxe2 43. Nxe2 a4 44. Nc3 a3 45. Nxe4+ Ke5 46. Nc3 f5 47. f4+ Kf6 48. Kf2 fxg4 49. hxg4 h5 50. gxh5 gxh5 51. e4 h4 52. Kg2 Kg6 53. Kh3 Kh5 54. e5 Kg6 55. Kxh4 Kf5 56. Kg3 Ke6 57. Kf3 1-0


[Site "https://www.chess.com"]

[Event "Titled Tuesday Blitz July 18 Late 2023"]
[White "Jovic, Stanoje"]
[Black "Lopez Idarraga, Daniel Eduardo"]
[WhiteFideId "905020"]
[BlackFideId "4405501"]
[WhiteElo "2475"]
[BlackElo "2323"]
[Result "1/2-1/2"]
[Round "7"]
[TimeControl "180+2"]
[Date "2023.07.18"]
[WhiteClock "0:01:46"]
[BlackClock "0:01:48"]
[Board "107"]

1. c4 c6 2. e4 d5 3. exd5 cxd5 4. cxd5 Nf6 5. Qa4+ Nbd7 6. Bc4 g6 7. d3 Bg7 8. Nc3 O-O 9. Nf3 a6 10. Qa3 Rb8 11. Bf4 Ra8 12. O-O Nb6 13. Qb3 Bg4 14. Ne5 Bf5 15. Rfe1 Nh5 16. Be3 Nxc4 17. Nxc4 Bxd3 18. Nb6 Rb8 19. Rad1 Bf5 20. h3 Nf6 21. Bf4 Qe8 22. Bxb8 Qxb8 23. Rxe7 Rd8 24. d6 Be6 25. Rxe6 fxe6 26. Qxe6+ Kh8 27. d7 Qc7 28. Ncd5 Nxd5 29. Rxd5 Qc1+ 30. Kh2 Qf4+ 31. Kg1 Qc1+ 32. Kh2 Qf4+ 33. Kg1 Qc1+ 1/2-1/2


[Site "https://www.chess.com"]